 Dungeon Crawl Stone Soup version 0.28.0 (webtiles) character file.

Game seed: 5542854703176589829

566 Hasart the Insei (level 7, -3/45 HPs)
             Began as an Octopode Transmuter on Feb 15, 2022.
             Killed from afar by an orc wizard (11 damage)
             ... with a puff of flame
             ... on level 4 of the Dungeon.
             The game lasted 00:09:40 (5616 turns).

Hasart the Insei (Octopode Transmuter)              Turns: 5616, Time: 00:09:42

Health: -3/45      AC:  2    Str:  9    XL:     7   Next: 32%
Magic:  6/11       EV: 20    Int: 18    God:
Gold:   270        SH:  0    Dex: 17    Spells: 2/12 levels left

rFire   . . .      SeeInvis .     - Unarmed
rCold   . . .      Faith    .   (shield currently unavailable)
rNeg    . . .      Spirit   .   (helmet currently unavailable)
rPois   x          Reflect  .   (no amulet)
rElec   .          Harm     .   (no ring)
rCorr   .          Rampage  .   (no ring)
Will    .....                   (no ring)
Stlth   ++........              (no ring)
HPRegen 0.15/turn               (no ring)
MPRegen 0.12/turn               (no ring)
                                (no ring)
                                (no ring)

@: spider-form, wereblooded
A: venomous fangs, almost no armour, (amphibious), 8 rings, tiny, (camouflage
1), (gelatinous body 1), (nimble swimmer 1), (tentacles)
a: End Transformation


You were on level 4 of the Dungeon.
You were a venomous arachnid creature.
You visited 1 branch of the dungeon, and saw 4 of its levels.

You collected 270 gold pieces.

Inventory:

Wands
 o - a wand of polymorph (5)
Scrolls
 a - a scroll of magic mapping {unknown}
 b - 3 scrolls of identify {unknown}
 c - a scroll of fear {unknown}
 d - 3 scrolls of teleportation {unknown}
 l - a scroll of summoning {unknown}
 m - a scroll of noise {unknown}
 n - 2 scrolls of enchant armour {unknown}
 q - a scroll of holy word {unknown}
Potions
 e - a potion of curing {unknown}
 f - 2 potions of mutation {unknown}
 g - 2 potions of heal wounds {unknown}
 h - a potion of flight {unknown}
 i - a potion of berserk rage {unknown}
 j - 2 potions of attraction {unknown}
 k - 2 potions of might {unknown}
 p - a potion of magic {unknown}
 r - a potion of resistance {unknown}


   Skills:
 + Level 2.8 Fighting
 + Level 3.3 Dodging
 * Level 5.0 Unarmed Combat
 + Level 3.2 Spellcasting
 + Level 3.4 Transmutations
 + Level 1.3 Ice Magic
 + Level 2.5 Poison Magic


You had 2 spell levels left.
You knew the following spells:

 Your Spells              Type           Power      Damage    Failure   Level
a - Beastly Appendage     Tmut           30%        N/A       12%         1
b - Wereblood             Tmut           15%        N/A       17%         2
c - Spider Form           Tmut/Pois      13%        N/A       32%         3
d - Ice Form              Ice/Tmut       11%        N/A       73%         4

Your spell library contained the following spells:

 Spells                   Type           Power      Damage    Failure   Level
 Freeze                   Ice            28%        1d5       24%         1
 Frozen Ramparts          Ice            14%        1d3       50%         3
 Hailstorm                Conj/Ice       5%         3d4       90%         4


Dungeon Overview and Level Annotations

Branches:
Dungeon (4/15)
 Temple: D:4-7

Altars:
Okawaru

Shops:
D:2 :   D:3 *


Innate Abilities, Weirdness & Mutations

You are a venomous arachnid creature.
You have poisonous fangs.
You are tiny and dextrous.
Your spellcasting is less reliable in this form.
Your armour is entirely melded.
You are incapable of wielding weapons or throwing items.
You cannot wear most types of armour.
((You are amphibious.))
You can wear up to eight rings at the same time.
((Your skin changes colour to match your surroundings (Stealth+).))
((Your rubbery body absorbs attacks. (AC +1, EV +1)))
((You are camouflaged when in or above water. (Stealth+)))
((You have tentacles for arms and can constrict up to eight enemies at once.))


Message History

Unknown command.
You tentacle-slap the orc wizard.
The orc wizard is severely wounded.
You constrict the orc wizard.
A hobgoblin comes into view.
Something hits you but does no damage. The orc wizard casts a spell at you.
The magic dart hits you!
The hobgoblin shouts!
You tentacle-slap the orc wizard.
The orc wizard is almost dead.
You constrict the orc wizard.
You feel a bit better.
You kill the orc wizard!
You hear some strange, mumbled words.
A magic dart appears from out of thin air!
The magic dart hits you.
* * * LOW HITPOINT WARNING * * *
The orc wizard hits you with a +0 dagger.
* * * LOW HITPOINT WARNING * * *
Your Unarmed Combat skill increases to level 5!
Casting: Wereblood (safe; 6% risk of failure)
Confirm with . or Enter, or press ? or * to list all spells.
You turn into a venomous arachnid creature.
Something hits you.
* * * LOW HITPOINT WARNING * * *
The orc wizard barely misses you.
Unknown command.
You miss something.
An orc comes into view. It is wielding a +0 hand axe.
Something barely misses you. The orc wizard closely misses you.
You completely miss the orc wizard. Something misses you.
You barely miss the hobgoblin. The orc wizard closely misses you.
The hobgoblin barely misses you.
You hit the hobgoblin.
The hobgoblin is moderately wounded.
You hiss as the wereblood boils in your veins!
You hear some strange, mumbled words.
A puff of flame appears from out of thin air!
The puff of flame hits you!
You die...

#.# #.# #.#
############## #(#
#....).......#####.
#.#
#..................
#.#
#................
#.# #...........o..
#.# #...<......go#
##.###).........s{#
..................#
.#.###............#
...# #.......†(...#
.#.# #######'#'####
.#.# #.#.# .#.#
#.#.# .#.# #.#.#
.#.# #.#.#


You could see an orc wizard, an orc and a hobgoblin.

Vanquished Creatures
  A necrophage (D:4)
  A phantom (D:4)
  3 scorpions
  A hound (D:4)
  An orc wizard (D:4)
  Ijyb (D:3)
  6 adders
  An ufetubus (D:4)
  2 worms
  6 orcs
  9 ball pythons
  3 endoplasms
  5 giant cockroaches
  7 goblins
  12 hobgoblins
  5 quokkas
  5 bats
  6 frilled lizards
  6 kobolds
  5 rats
86 creatures vanquished.

Notes
Turn   | Place    | Note
-------+----------+-------------------------------------------
     0 | D:1      | Hasart the Octopode Transmuter began the quest for the Orb.
     0 | D:1      | Reached XP level 1. HP: 13/13 MP: 3/3
   282 | D:1      | Reached XP level 2. HP: 11/18 MP: 5/5
   885 | D:1      | Reached XP level 3. HP: 23/23 MP: 6/6
   889 | D:1      | Learned a level 2 spell: Wereblood
   908 | D:1      | Learned a level 3 spell: Spider Form
  1860 | D:2      | Reached XP level 4. HP: 26/28 MP: 3/7
  1866 | D:2      | Found Qaxo's Book Emporium.
  2637 | D:3      | Noticed a scorpion
  2655 | D:3      | Killed a scorpion
  2656 | D:3      | Reached skill level 4 in Unarmed Combat
  2656 | D:3      | Reached skill level 1 in Poison Magic
  2656 | D:3      | Reached XP level 5. HP: 7/34 MP: 4/9
  3313 | D:3      | Found an iron altar of Okawaru.
  3502 | D:3      | Found a faded altar of an unknown god.
  3622 | D:3      | Reached XP level 6. HP: 39/39 MP: 10/10
  3627 | D:3      | Learned a level 4 spell: Ice Form
  3644 | D:3      | Found Zuxuumn's Assorted Antiques.
  3845 | D:3      | Noticed Ijyb
  3913 | D:3      | Killed Ijyb
  5274 | D:4      | Reached skill level 1 in Ice Magic
  5274 | D:4      | Reached XP level 7. HP: 44/45 MP: 4/11
  5612 | D:4      | Reached skill level 5 in Unarmed Combat
  5616 | D:4      | Killed from afar by an orc wizard

Illustrated notes

Levels and vault maps discovered:
D:1:      shiori_shiawase, layout_rooms, minmay_misc_feat_x,
          minmay_small_reverse_x
D:2:      layout_loops_ring, serial_shops, nicolae_shop_crystal,
          nicolae_elevator_lobby_plus
D:3:      layout_basic, mainiacjoe_overflow_brackets, serial_shops, shop,
          ebering_ecumenical_altar_webs, uniq_ijyb
D:4:      layout_basic

Skill      XL: |  1  2  3  4  5  6  7 |
---------------+----------------------+-----
Unarmed Combat | 4 5 |  5.0
Poison Magic   | 1 2 |  2.5
Fighting       | 2 |  2.8
Transmutations | 3 |  3.4
Dodging        | 3 |  3.3
Spellcasting   | 3 |  3.2
Ice Magic      | 1 |  1.3

Action                   |  1- 3 |  4- 6 |  7- 9 || total
-------------------------+-------+-------+-------++-------
Melee: Unarmed           |    87 |   112 |    42 ||   241
       Constrict         |    19 |    27 |     5 ||    51
       Tentacles         |    15 |    24 |     3 ||    42
       Kick              |    11 |     5 |       ||    16
       Punch             |     3 |     3 |     1 ||     7
 Cast: Beastly Appendage |     4 |     1 |       ||     5
       Wereblood         |     1 |       |     1 ||     2
       Spider Form       |       |     6 |     1 ||     7
 Stab: Sleeping          |     3 |     8 |       ||    11
Armor: Skin              |     6 |     7 |     3 ||    16
Dodge: Dodged            |    62 |    56 |    38 ||   156
